 Dungeon Crawl Stone Soup version 0.25-a0-578-gc91f01c39c (webtiles) character file.

Game seed: 561860996236137627, levelgen mode: deterministic

3577 Flugslaktarn the Cleaver (level 9, -5/82 HPs)
             Began as a Deep Dwarf Fighter on Mar 3, 2020.
             Was a Believer of Makhleb.
             Slain by Harold
             ... wielding a +0 trident
              (10 damage)
             ... on level 8 of the Dungeon.
             The game lasted 00:03:58 (5356 turns).

Flugslaktarn the Cleaver (Deep Dwarf Fighter)       Turns: 5356, Time: 00:03:59

Health: -5/82      AC: 17    Str: 24    XL:     9   Next: 84%
Magic:  6/6        EV:  5    Int: 12    God:    Makhleb [**....]
Gold:   190        SH: 11    Dex: 12    Spells: 8/8 levels left

rFire    . . .     SeeInvis +   a - +0 war axe
rCold    . . .     Gourm    .   c - +0 kite shield
rNeg     . . .     Faith    .   z - +0 plate armour
rPois    +         Spirit   .   (helmet restricted)
rElec    +         Reflect  .   (no cloak)
rCorr    .         Harm     .   u - +0 pair of gloves "Fixe Aqer" {rElec rPois Int+4}
MR       ++...                  g - +2 pair of boots
Stlth    ..........             D - amulet of rage
HPRegen  0.00/turn              m - ring of protection from magic
MPRegen  0.10/turn              i - ring of see invisible

@: non-regenerating
A: damage resistance, heal wounds, antennae 1, claws 1, sense surroundings 2,
screaming 1, no regeneration
a: Heal Wounds, Minor Destruction, Renounce Religion, Evoke Berserk Rage


You were on level 8 of the Dungeon.
You worshipped Makhleb.
Makhleb was pleased with you.
You were not hungry.

You visited 2 branches of the dungeon, and saw 9 of its levels.
You also visited: Sewer.

You collected 410 gold pieces.
You spent 220 gold pieces at shops.

Inventory:

Hand Weapons
 a - a +0 war axe (weapon)
Missiles
 A - a throwing net (quivered)
Armour
 c - a +0 kite shield (worn)
 g - a +2 pair of boots (worn)
   (You found it on level 1 of the Dungeon)
 u - the +0 pair of gloves "Fixe Aqer" (worn) {rElec rPois Int+4}
   (You found it on level 6 of the Dungeon)

   It affects your intelligence (+4).
   It insulates you from electricity.
   It protects you from poison.
   If you remove this armour, your AC will decrease by 1 (17 -> 16).
 z - a +0 plate armour (worn)
   (You took it off an orc warrior on level 8 of the Dungeon)
 B - a +2 helmet
   (You found it on level 7 of the Dungeon)
Jewellery
 f - an uncursed ring of flight
   (You found it on level 1 of the Dungeon)
 i - a ring of see invisible (right hand)
   (You found it on level 2 of the Dungeon)
 m - a ring of protection from magic (left hand)
   (You found it in a sewer)
 o - an uncursed ring of poison resistance
   (You bought it in a shop on level 6 of the Dungeon)
 C - the amulet of the Air {Inacc +Fly rElec EV+5 RMsl}
   (You found it in a sewer)

   [amulet of inaccuracy]

   It reduces the accuracy of all your attacks.
   It affects your evasion (+5).
   It insulates you from electricity.
   It lets you fly.
   It protects you from missiles.
 D - an amulet of rage (around neck)
   (You found it on level 7 of the Dungeon)
Wands
 t - a wand of scattershot (9)
   (You found it on level 4 of the Dungeon)
 v - a wand of digging (5)
   (You took it off an orc on level 7 of the Dungeon)
Scrolls
 j - a scroll of fog
 n - a scroll of magic mapping
 q - 3 scrolls of fear
 r - 3 scrolls of identify
 x - 3 scrolls of remove curse
 E - a scroll of amnesia
Potions
 b - a potion of stabbing {unknown}
 d - 2 potions of might
 p - 2 potions of flight
 s - 2 potions of mutation
 w - 2 potions of heal wounds
 y - 2 potions of brilliance
Comestibles
 e - 10 rations
 h - 22 chunks of flesh


   Skills:
 + Level 6.1 Fighting
 * Level 9.6 Axes
 + Level 7.3 Armour
 + Level 7.3 Shields
 + Level 5.7 Invocations


You had 8 spell levels left.
You didn't know any spells.
Your spell library was empty.

Dungeon Overview and Level Annotations

Branches:
Dungeon (8/15)             Temple (1/1) D:5           Sewer (visited)
   Lair: D:8-11

Altars:
Ashenzari
Cheibriados
Elyvilon
Gozag
Hepliaklqana
Kikubaaqudgha
Makhleb
Nemelex Xobeh
Okawaru
Qazlal
Ru
Sif Muna
Trog
Uskayaw
Vehumet
Wu Jian
Xom
Yredelemnul
Zin

Shops:
D:5 [   D:6 *

Annotations:
D:6 2 transporters, erdraug's ghost, novice GnWr
D:8 Harold


Innate Abilities, Weirdness & Mutations

You are resistant to damage.
You can heal yourself by infusing magical energy.
You passively map the area around you.
You do not regenerate.
You have a pair of small antennae on your head.
You have sharp fingernails.
You occasionally shout uncontrollably at your foes.


Message History

You hit the two-headed ogre but do no damage.
The two-headed ogre is moderately wounded.
You block the two-headed ogre's attack. x2; Harold hits you but does no damage.
You slice the two-headed ogre!!
The two-headed ogre is severely wounded.
The two-headed ogre hits you with a +0 giant club! x2
You block Harold's attack.
You hit the two-headed ogre but do no damage.
The two-headed ogre is severely wounded.
The two-headed ogre barely misses you.
The two-headed ogre hits you but does no damage.
Harold hits you but does no damage.
You slash the two-headed ogre!
The two-headed ogre is severely wounded.
The two-headed ogre hits you with a +0 giant club!!
* * * LOW HITPOINT WARNING * * *
The two-headed ogre hits you with a +0 giant club!
* * * LOW HITPOINT WARNING * * *
Harold hits you from afar with a +0 trident!
You die...

..... , ** .....
,,,..## ** .#.## ,
#... , .#,# *,
#....,
##.####.*#...<,
<..).... #.....
###.....*#....@###
* ... ......O.# *
..,. #@# *..#* * *
#.# ###..### * *
#.# #...... ,,
#.###### #.#..###
#......#
#.......,, ,,
######.# .....# *
* , #.# .....# *
#.# (....# *,* #.#


You could see Harold and a two-headed ogre.

Vanquished Creatures
  A hungry ghost (D:8)
  2 water moccasins (D:6)
  A phantom (D:8)
  3 orc warriors (D:8)
  An ice beast (D:7)
  A black bear (D:6)
  2 centaurs
  4 ogres
  A necrophage (D:7)
  A crocodile (Sewer)
  A big kobold (D:7)
  3 bullfrogs
  A scorpion (D:8)
  6 killer bees (D:8)
  4 wights (D:8)
  2 crimson imps (D:5)
  A centaur zombie (D:6)
  2 bullfrog skeletons
  4 hounds
  A bullfrog zombie (D:6)
  8 orc priests
  A gnoll shaman (D:6)
  Terence (D:2)
  2 iguanas (D:5)
  5 orc wizards
  8 worker ants
  A hound skeleton (D:6)
  Robin (D:2)
  9 gnolls
  6 adders
  A howler monkey skeleton (D:6)
  A shadow imp (D:5)
  An adder zombie (D:6)
  2 adder skeletons
  4 worms
  4 dart slugs
  2 leopard geckos
  28 orcs
  3 ball pythons
  2 giant cockroaches
  16 goblins
  8 hobgoblins
  6 jackals
  13 kobolds
  6 quokkas
  4 bats
  9 frilled lizards
  A quokka skeleton (D:4)
  A quokka zombie (D:7)
  6 rats
202 creatures vanquished.

Notes
Turn   | Place    | Note
-------+----------+-------------------------------------------
     0 | D:1      | Flugslaktarn the Deep Dwarf Fighter began the quest for the
                  | Orb.
     0 | D:1      | Reached XP level 1. HP: 20/20 MP: 1/1
    79 | D:1      | Reached XP level 2. HP: 25/27 MP: 2/2
   327 | D:2      | Noticed Terence
   329 | D:2      | Noticed Robin
   338 | D:2      | Reached XP level 3. HP: 15/34 MP: 3/3
   338 | D:2      | Reached skill level 3 in Axes
   354 | D:2      | Killed Robin
   375 | D:2      | Killed Terence
   375 | D:2      | Reached XP level 4. HP: 29/42 MP: 3/3
   773 | D:3      | Reached skill level 4 in Axes
   773 | D:3      | Reached XP level 5. HP: 42/49 MP: 4/4
  1469 | D:4      | Found a glowing drain.
  1485 | Sewer    | Entered a sewer
  1540 | Sewer    | Noticed a crocodile
  1541 | Sewer    | Found the amulet of the Air {Inacc +Fly rElec EV+5 RMsl}
  1560 | Sewer    | Killed a crocodile
  1560 | Sewer    | Reached XP level 6. HP: 55/57 MP: 3/3
  1819 | D:4      | Reached skill level 5 in Axes
  1934 | D:5      | Entered Level 5 of the Dungeon
  1934 | D:5      | Found Xeext's Armour Boutique.
  1984 | D:5      | Reached XP level 7. HP: 43/64 MP: 4/4
  1997 | D:5      | Reached skill level 5 in Shields
  2006 | D:5      | Reached skill level 5 in Armour
  2056 | D:5      | Reached skill level 6 in Axes
  2366 | D:5      | Found an ancient bone altar of Kikubaaqudgha.
  2373 | D:5      | Found a shimmering blue altar of Sif Muna.
  2375 | D:5      | Found a radiant altar of Vehumet.
  2441 | D:5      | Found a staircase to the Ecumenical Temple.
  2630 | Temple   | Entered the Ecumenical Temple
  2800 | Temple   | Became a worshipper of Makhleb the Destroyer
  2881 | D:6      | Reached skill level 1 in Invocations
  2937 | D:6      | Reached XP level 8. HP: 53/73 MP: 3/5
  2959 | D:6      | Found a transporter.
  2963 | D:6      | Found a transporter.
  2963 | D:6      | Noticed erdraug's ghost (novice GnWr)
  2964 | D:6      | Identified the +7 dire flail of Zenycig {vorpal, MR+ Str-4
                  | Dex+5}
  3103 | D:6      | Found Keguteji's Serpentskin Sales.
  3116 | D:6      | Reached skill level 7 in Axes
  3128 | D:6      | Bought an uncursed ring of poison resistance for 220 gold
                  | pieces
  3242 | D:6      | Got a pair of bloodstained gloves
  3248 | D:6      | Identified the cursed +0 pair of gloves "Fixe Aqer" {rElec
                  | rPois Int+4} (You found it on level 6 of the Dungeon)
  3360 | D:6      | Reached * piety under Makhleb
  3398 | D:6      | Reached skill level 5 in Fighting
  3898 | D:7      | Reached skill level 8 in Axes
  4081 | D:7      | Found a shimmering altar of Xom.
  4081 | D:7      | Found a faded altar of an unknown god.
  4086 | D:7      | Found a sparkling altar of Nemelex Xobeh.
  4088 | D:7      | Found a faded altar of an unknown god.
  4090 | D:7      | Found a bloodstained altar of Trog.
  4134 | D:7      | Gained mutation: You passively map the area around you.
                  | [Deep Dwarf growth]
  4134 | D:7      | Reached XP level 9. HP: 63/81 MP: 6/6
  4270 | D:7      | Reached ** piety under Makhleb
  4746 | D:7      | Gained mutation: Scrolls take you a little longer to read.
                  | [potion of mutation]
  4746 | D:7      | Gained mutation: Your skin changes colour to match your
                  | surroundings (Stealth+). [potion of mutation]
  4747 | D:7      | Lost mutation: Your skin changes colour to match your
                  | surroundings (Stealth+). [potion of mutation]
  4747 | D:7      | Lost mutation: Scrolls take you a little longer to read.
                  | [potion of mutation]
  4747 | D:7      | Gained mutation: You occasionally shout uncontrollably at
                  | your foes. [potion of mutation]
  4747 | D:7      | Gained mutation: You have a pair of small antennae on your
                  | head. [potion of mutation]
  4747 | D:7      | Gained mutation: You have sharp fingernails. [potion of
                  | mutation]
  5017 | D:8      | Reached skill level 9 in Axes
  5045 | D:8      | Reached skill level 5 in Invocations
  5080 | D:8      | Found an ornate altar of the Wu Jian Council.
  5345 | D:8      | Noticed Harold
  5345 | D:8      | Noticed a two-headed ogre
  5356 | D:8      | Slain by Harold

Levels and vault maps discovered:
D:1:      mainiacjoe_arrival_reflecting_pool, layout_rooms, minmay_door_square
D:2:      layout_basic, lemuel_coloured_pillars_altar, uniq_robin, uniq_terence
D:3:      minmay_skewed_foursquare, layout_loops_corners, minmay_misc_feat_iff
D:4:      layout_basic, cheibrodos_sewer_entry_sluice, minmay_pentangle
D:5:      layout_cave_pools, grunt_temple_overflow_magic_moments,
          minmay_temple_entry_arrows, first_ration, serial_shops, shop
D:6:      layout_basic, gammafunk_ghost_smash, guppyfry_shop_venom
D:7:      layout_layer_cave, chequers_temple_overflow_minitemple
D:8:      layout_loops_ring, fedhas_altar_4, lemuel_doored_altar, uniq_harold
Temple:   nicolae_temple_figure_eight

Skill      XL: |  1  2  3  4  5  6  7  8  9 |
---------------+----------------------------+-----
Fighting       | 3 4 5 6 |  6.1
Axes           | 3 4 5 6 8 9 |  9.6
Shields        | 4 5 6 7 |  7.3
Armour         | 4 5 6 7 |  7.3
Invocations    | 1 3 5 |  5.7

Action                   |  1- 3 |  4- 6 |  7- 9 || total
-------------------------+-------+-------+-------++-------
Melee: War axe           |    87 |   235 |   659 ||   981
 Abil: Heal Wounds       |     2 |     8 |    15 ||    25
  Use: Scroll            |       |       |    12 ||    12
       Potion            |       |       |     2 ||     2
  Eat: Chunk             |       |     4 |     9 ||    13
       Ration            |       |       |     3 ||     3
Armor: Scale mail        |    52 |       |       ||    52
       Chain mail        |       |   235 |   437 ||   672
       Plate armour      |       |       |    31 ||    31
Dodge: Dodged            |    45 |   207 |   277 ||   529
Block: Kite shield       |    64 |   213 |   453 ||   730

Table legend:
 A = Non-vault XP
 B = Vault XP
 C = Vault XP percentage of total XP
 D = Non-vault monster count
 E = Vault monster count
 F = Vault count percentage of total count
                 A         B        C        D         E       F
            +---------+---------+-------+---------+---------+-------
      Total |    4561 |     550 |  10.8 |     165 |      37 |  18.3
            +---------+---------+-------+---------+---------+-------
        D:1 |      17 |       0 |   0.0 |      10 |       0 |   0.0
        D:2 |      22 |      69 |  75.8 |      15 |      12 |  44.4
        D:3 |     169 |      16 |   8.6 |      21 |       4 |  16.0
        D:4 |     163 |      43 |  20.9 |       7 |      11 |  61.1
        D:5 |     495 |       0 |   0.0 |      22 |       0 |   0.0
        D:6 |    1017 |     310 |  23.4 |      34 |       4 |  10.5
        D:7 |     648 |       0 |   0.0 |      20 |       0 |   0.0
        D:8 |    2030 |       0 |   0.0 |      36 |       0 |   0.0
      Sewer |       0 |     112 | 100.0 |       0 |       6 | 100.0
            +---------+---------+-------+---------+---------+-------
